 Dungeon Crawl Stone Soup version 0.31-a0-1570-g93c622d222 (webtiles) character file.

Game seed: 11851354056904765676

102 Laraso the Chopper (level 4, -2/39 HPs)
             Began as a Hill Orc Fighter on Jan 3, 2024.
             Slain by Grinder (5 damage)
             ... on level 3 of the Dungeon.
             The game lasted 00:02:28 (1789 turns).

Laraso the Chopper (Hill Orc Fighter)               Turns: 1789, Time: 00:02:29

Health: -2/39      AC:  8    Str: 24    XL:     4   Next: 78%
Magic:  4/4        EV:  9    Int:  8    God:
Gold:   98         SH:  0    Dex: 12    Spells: 3/3 levels left

rFire   . . .        a - +0 war axe
rCold   . . .        r - orb {*Rage}
rNeg    . . .        q - +0 scale mail
rPois   .            (no helmet)
rElec   .            n - +0 cloak
rCorr   .            (no gloves)
SInv    .            (no boots)
Will    .....        (no amulet) Stlth
                     g - +6 ring of strength
HPRegen 0.26/turn    (no ring)
MPRegen 0.09/turn

%: random rage (20%)
@: on berserk cooldown, slowed, very slow
A: no striking features
a: no special abilities


You were on level 3 of the Dungeon.
You visited 1 branch of the dungeon, and saw 3 of its levels.

You collected 128 gold pieces.
You spent 30 gold pieces at shops.

Inventory:

Hand Weapons
 a - a +0 war axe (weapon)
 b - a +0 hand axe of venom
Armour
 c - a +0 buckler
 n - a +0 cloak (worn)
 q - a +0 scale mail (worn)
 r - an orb of wrath (worn)
Jewellery
 g - a +6 ring of strength (left hand)
Scrolls
 e - 4 scrolls of teleportation
 j - a scroll of enchant armour {unknown}
 k - a scroll of poison {unknown}
 m - a scroll of enchant weapon {unknown}
 o - 3 scrolls of identify {unknown}
 s - a scroll of fear {unknown}
Potions
 d - a potion of might
 f - 2 potions of degeneration {unknown}
 h - a potion of curing
 i - a potion of attraction {unknown}
 l - a potion of haste {unknown}
 p - 2 potions of heal wounds {unknown}


   Skills:
 - Level 3.6 Fighting
 * Level 6.4 Axes
 - Level 3.2 Armour
 - Level 3.2 Shields


You had 3 spell levels left.
You didn't know any spells.
Your spell library was empty.

Dungeon Overview and Level Annotations

Branches:
Dungeon (3/15)

Altars:
Ashenzari
Fedhas
Gozag

Shops:
D:1 *   D:3 [

Annotations:
D:3 Grinder


Message History

You kill the goblin!
You slash the goblin!
You kill the goblin!
You feel a strong urge to attack something.
You are no longer berserk.
You are exhausted.
You feel yourself slow down. Grinder hits you.
You writhe in agony.
You hit Grinder but do no damage.
Grinder blinks!
Grinder says, "Mostly I couldn't keep them alive."
Grinder hits you but does no damage.
You closely miss Grinder. Grinder hits you.
You writhe in agony.
Grinder barely misses you.
You closely miss Grinder.
Grinder blinks!
You slash Grinder!
Grinder is moderately wounded.
Grinder closely misses you. Grinder hits you but does no damage.
You barely miss Grinder.
Grinder is moderately wounded.
Grinder barely misses you. Grinder gestures at you.
Pain shoots through your body!
You barely miss Grinder.
Grinder is moderately wounded.
Grinder hits you! Grinder hits you but does no damage.
You are too injured to fight recklessly!
You are too injured to fight recklessly!
You are too injured to fight recklessly!
You slash Grinder!
Grinder is heavily wounded.
Grinder hits you but does no damage. Grinder gestures at you.
Pain shoots through your body!
* * * LOW HITPOINT WARNING * * *
You hit Grinder but do no damage.
Grinder is heavily wounded.
Grinder hits you.
* * * LOW HITPOINT WARNING * * *
You writhe in agony.
You die...
Grinder says, "Hey, I wasn't done torturing you yet!"

#######..#########.#
#....<.............#
)...###.###.##########
# #.## ##.# #.# .###
#####(## ##...#
#.....†###..#.
#.####).....#.#
#)##.@5# #
#)##.........
#.###..#.#### #.# #..#
# #.# #..# #.# #...
#.# ####. #.#


You could see Grinder.

Vanquished Creatures
  Robin (D:3)
  3 adders
  6 bats
  7 endoplasms
  3 giant cockroaches
  10 goblins
  4 hobgoblins
  5 jackals
  A quokka (D:1)
  4 ball pythons
  6 frilled lizards
  7 kobolds
  3 rats
60 creatures vanquished.

Notes
Turn   | Place    | Note
-------+----------+-------------------------------------------
     0 | D:1      | Laraso the Hill Orc Fighter began the quest for the Orb.
     0 | D:1      | Reached XP level 1. HP: 19/19 MP: 1/1
    73 | D:1      | Reached skill level 3 in Axes
   109 | D:1      | Reached XP level 2. HP: 23/26 MP: 2/2
   134 | D:1      | Reached skill level 4 in Axes
   300 | D:1      | Found Pejom's General Store.
   308 | D:1      | Bought a potion of curing for 30 gold pieces
   355 | D:1      | Reached XP level 3. HP: 30/31 MP: 3/3
   737 | D:2      | Reached skill level 5 in Axes
  1128 | D:2      | Found a broken altar of Ashenzari.
  1130 | D:2      | Reached XP level 4. HP: 39/39 MP: 4/4
  1472 | D:3      | Found Buifuiq's Armour Boutique.
  1538 | D:3      | Found a faded altar of an unknown god.
  1650 | D:3      | Reached skill level 6 in Axes
  1667 | D:3      | Found an opulent altar of Gozag.
  1668 | D:3      | Found a blossoming altar of Fedhas.
  1762 | D:3      | Noticed Robin
  1769 | D:3      | Killed Robin
  1773 | D:3      | Noticed Grinder
  1789 | D:3      | Slain by Grinder

Illustrated notes

Levels and vault maps discovered:
D:1:      matt_arrival_spirals, layout_basic, serial_shops, nicolae_square_shop
D:2:      layout_loops_cross, basic_altar, roderic_serpentine_path
D:3:      layout_loops_ring, mainiacjoe_overflow_catwalk_spiral,
          ebering_ecumenical_altar_sacrificial, serial_shops,
          nicolae_shop_rolling_square, uniq_robin, uniq_grinder

Skill      XL: |  1  2  3  4 |
---------------+-------------+-----
Axes           | 3 4 5 6 |  6.4
Fighting       | |  3.6
Armour         | |  3.2
Shields        | |  3.2

Action                     |  1- 3 |  4- 6 || total
---------------------------+-------+-------++-------
  Melee: War axe           |   122 |    42 ||   164
    Use: Scroll            |     1 |       ||     1
 Armour: Scale mail        |    79 |    32 ||   111
  Dodge: Dodged            |    70 |    21 ||    91
  Block: Buckler           |    29 |     5 ||    34

Table legend: (Time is in decaauts)
 A = Elapsed time spent in this place.
 B = Non-inter-level travel time spent in this place.
 C = Inter-level travel time spent in this place.
 D = Time resting spent in this place.
 E = Time spent auto-exploring this place.
 F = Levels seen in this place.
 G = Mean time per level.
                   A        B        C        D        E       F      G
               +--------+--------+--------+--------+--------+-----+--------+
         Total |   1840 |   1806 |     34 |    126 |   1273 |   3 |  613.3 |
       Dungeon |   1840 |   1806 |     34 |    126 |   1273 |   3 |  613.3 |
               +--------+--------+--------+--------+--------+-----+--------+

Top non-repeatable levels by time:
     D:2: 919 daAuts
     D:1: 562 daAuts
     D:3: 358 daAuts
